 Dungeon Crawl Stone Soup version 0.29-a0-993-g4a18f31a58 (webtiles) character file.

Game seed: 11917697458448424814

678 ketsa the Protected (level 7, 0/47 HPs)
             Began as a Gnoll Wanderer on Aug 3, 2022.
             Was a Follower of Hepliaklqana.
             Slain by an orc warrior
             ... wielding a +0 war axe
              (9 damage)
             ... on level 5 of the Dungeon.
             The game lasted 00:22:18 (6712 turns).

ketsa the Protected (Gnoll Wanderer)                Turns: 6712, Time: 00:22:19

Health: 0/47       AC:  9    Str: 15    XL:     7   Next: 60%
Magic:  17/18      EV: 11    Int: 12    God:    Hepliaklqana [*.....]
Gold:   204        SH:  0    Dex:  9    Spells: 20/21 levels left

rFire   + . .      SeeInvis .   a - +2 mace
rCold   . . .      Faith    +   (no shield)
rNeg    . . .      Spirit   .   b - +0 ring mail
rPois   .          Reflect  .   (no helmet)
rElec   .          Harm     .   x - +0 cloak
rCorr   .          Rampage  .   r - +0 pair of gloves
Will    .....                   (no boots)
Stlth   +.........              B - amulet of faith
HPRegen 0.15/turn               p - ring of protection from fire
MPRegen 0.16/turn               (no ring)

@: no status effects
A: reduced essence, fangs 1, strong nose, distributed training
a: Renounce Religion, Recall Ancestor, Ancestor Identity


You were on level 5 of the Dungeon.
You worshipped Hepliaklqana.
Hepliaklqana was aware of your devotion.
You visited 2 branches of the dungeon, and saw 6 of its levels.

You collected 204 gold pieces.

Inventory:

Hand Weapons
 a - a +2 mace (weapon)
 A - a +0 war axe
Missiles
 d - 2 throwing nets
 e - 13 poisoned darts
 f - 55 stones
Armour
 b - a +0 ring mail (worn)
 j - a +0 chain mail
 r - a +0 pair of gloves (worn)
 x - a +0 cloak (worn)
Jewellery
 p - a ring of protection from fire (left hand)
 y - a ring of ice
 B - an amulet of faith (around neck)
Wands
 o - a wand of flame (15)
Scrolls
 c - 2 scrolls of butterflies
 h - 3 scrolls of teleportation
 i - a scroll of immolation {unknown}
 k - a scroll of blinking {unknown}
 l - 3 scrolls of amnesia {unknown}
 q - 2 scrolls of enchant armour {unknown}
 s - a scroll of enchant weapon {unknown}
 z - a scroll of fear {unknown}
 E - a scroll of noise {unknown}
 F - a scroll of vulnerability {unknown}
Potions
 g - a potion of lignification
 m - 2 potions of heal wounds
 n - a potion of berserk rage
 t - 5 potions of curing
 u - a potion of cancellation
 v - a potion of invisibility
 w - a potion of degeneration {unknown}
 C - a potion of mutation {unknown}
 D - a potion of flight


   Skills:
 + Level 3.8 Fighting
 + Level 2.7 Short Blades
 + Level 2.7 Long Blades
 + Level 2.7 Axes
 + Level 5.3 Maces & Flails
 + Level 2.7 Polearms
 + Level 2.7 Staves
 + Level 2.7 Ranged Weapons
 + Level 2.7 Throwing
 + Level 9.0 Armour
 + Level 2.7 Dodging
 + Level 2.7 Stealth
 + Level 2.7 Shields
 + Level 2.7 Unarmed Combat
 + Level 7.7 Spellcasting
 + Level 2.2 Conjurations
 + Level 2.2 Hexes
 + Level 2.2 Summonings
 + Level 2.2 Necromancy
 + Level 2.2 Translocations
 + Level 2.2 Transmutations
 + Level 2.2 Fire Magic
 + Level 2.2 Ice Magic
 + Level 2.2 Air Magic
 + Level 2.2 Earth Magic
 + Level 2.2 Poison Magic
 + Level 3.0 Invocations
 + Level 2.7 Evocations


You had 20 spell levels left.
You knew the following spells:

 Your Spells              Type           Power      Damage    Failure   Level
a - Slow                  Hex            36%        N/A       11%         1

Your spell library contained the following spells:

 Spells                   Type           Power      Damage    Failure   Level
 Ensorcelled Hibernation  Hex/Ice        18%        N/A       16%         2
 Frozen Ramparts          Ice            18%        1d9       32%         3
 Inner Flame              Hex/Fire       9%         N/A       32%         3
 Spider Form              Tmut/Pois      9%         N/A       32%         3
 Anguish                  Hex/Necr       4%         N/A       71%         4
 Ice Form                 Ice/Tmut       9%         N/A       71%         4
 Summon Ice Beast         Ice/Summ       9%         N/A       71%         4


Dungeon Overview and Level Annotations

Branches:
Dungeon (5/15)             Temple (1/1) D:4

Altars:
Ashenzari
Cheibriados
Dithmenos
Elyvilon
Fedhas
Hepliaklqana
Kikubaaqudgha
Makhleb
Okawaru
Qazlal
Ru
Trog
Uskayaw
Vehumet
Wu Jian
Xom
Zin
The Shining One

Annotations:
D:4 Duvessa
D:5 exclusion: killer bee


Innate Abilities, Weirdness & Mutations

Your life essence is reduced to manifest your ancestor. (-10% HP)
You have very sharp teeth.
Your uncanny sense of smell can sniff out nearby items.
Your experience applies equally to all skills.


Message History

Found 5 poisoned darts.
The orc priest shouts!
The orc priest moves out of view.
An orc warrior comes into view. It is wielding a +0 war axe.
Found 12 gold pieces.
The orc warrior shouts!
The orc completely misses you. The orc hits you but does no damage.
You barely miss the orc. You punch the orc.
The orc is moderately wounded.
Tiberius hits the orc warrior.
You closely miss the orc warrior.
The orc warrior is lightly wounded.
Tiberius hits the orc warrior but does no damage.
You hit the orc warrior.
The orc warrior is moderately wounded.
The orc priest calls upon Beogh to heal the orc warrior.
The orc warrior is healed somewhat.
The orc warrior hits Tiberius with a +0 war axe!
The orc warrior hits you with a +0 war axe!
Tiberius hits the orc warrior but does no damage.
Casting: Slow (safe; 11% risk of failure)
Confirm with . or Enter, or press ? or * to list all spells.
Aiming: Slow (safe; 11% risk of failure)
Press: ? - help, Shift-Dir - straight line, f - orc warrior
Aim: an orc warrior, wielding a +0 war axe and wearing a +0 plate armour (lightly wounded, chance to affect: 47%)
The orc warrior seems to slow down.
The orc priest calls upon Beogh to heal the orc warrior.
The orc warrior's wounds heal themselves!
Tiberius barely misses the orc warrior.
The orc warrior hits you with a +0 war axe!
The orc warrior hits Tiberius with a +0 war axe!
You hit the orc warrior.
The orc warrior is lightly wounded.
The orc priest invokes the aid of Beogh against you.
Beogh smites you!
* * * LOW HITPOINT WARNING * * *
Tiberius hits the orc warrior but does no damage.
The orc warrior hits you with a +0 war axe!
You die...

.......#. ####.#
......... #....#
......... #.####
#.....#.. #.#
#.....# ∆ #.# #
#.....## #.# .##
#......#. #.# ...
.........
######.########..#
.#.....##
#@R..)......... #
.#######
#o############.
.## .oo# # ..#
.(.$.# #. .##
......## #.... .#
### ###### #.y..
^# #.# #.... .#
#.# #.... .# #.#
############ .


You could see the friendly Tiberius the ancestor, an orc warrior (slow), an orc
priest and an orc (ally target).

Vanquished Creatures
  2 necrophages (D:5)
  Dowan (D:4)
  2 killer bees (D:5)
  A hound (D:5)
  A jelly (D:5)
  3 orc priests (D:4)
  Jessica (D:2)
  An iguana (D:5)
  2 orc wizards
  2 adders (D:2)
  A shadow imp (D:5)
  A worm (D:4)
  A dart slug (D:4)
  15 orcs
  4 endoplasms
  2 giant cockroaches (D:1)
  8 goblins
  5 hobgoblins
  14 jackals
  3 quokkas
  3 ball pythons
  8 bats
  5 frilled lizards
  10 kobolds
  8 rats
104 creatures vanquished.

Vanquished Creatures (collateral kills)
  A howler monkey (D:5)
  An orc (D:5)
2 creatures vanquished.

Vanquished Creatures (others)
  2 ancestors (D:5)
  3 plants (D:3)
5 creatures vanquished.

Grand Total: 111 creatures vanquished

Notes
Turn   | Place    | Note
-------+----------+-------------------------------------------
     0 | D:1      | ketsa the Gnoll Wanderer began the quest for the Orb.
     0 | D:1      | ketsa set off with the following items: a +2 mace, a +0
                  | ring mail, a scroll of butterflies; and the following spell
                  | memorised: Slow; and the following spells available to
                  | memorise: Inner Flame.
     0 | D:1      | Reached XP level 1. HP: 17/17 MP: 8/8
    18 | D:1      | Found a faded altar of an unknown god.
    73 | D:1      | Reached XP level 2. HP: 5/23 MP: 10/10
  1062 | D:1      | Reached XP level 3. HP: 18/28 MP: 11/11
  1221 | D:1      | Reached skill level 1 in Invocations
  1428 | D:2      | Noticed Jessica
  1444 | D:2      | Killed Jessica
  1445 | D:2      | Reached skill level 1 in Short Blades
  1445 | D:2      | Reached skill level 1 in Long Blades
  1445 | D:2      | Reached skill level 1 in Axes
  1445 | D:2      | Reached skill level 1 in Polearms
  1445 | D:2      | Reached skill level 1 in Staves
  1445 | D:2      | Reached skill level 1 in Ranged Weapons
  1445 | D:2      | Reached skill level 1 in Throwing
  1445 | D:2      | Reached skill level 1 in Dodging
  1445 | D:2      | Reached skill level 1 in Stealth
  1445 | D:2      | Reached skill level 1 in Shields
  1445 | D:2      | Reached skill level 1 in Unarmed Combat
  1445 | D:2      | Reached skill level 1 in Evocations
  1445 | D:2      | Reached XP level 4. HP: 20/34 MP: 11/13
  1950 | D:2      | Reached skill level 1 in Conjurations
  1950 | D:2      | Reached skill level 1 in Hexes
  1950 | D:2      | Reached skill level 1 in Summonings
  1950 | D:2      | Reached skill level 1 in Necromancy
  1950 | D:2      | Reached skill level 1 in Translocations
  1950 | D:2      | Reached skill level 1 in Transmutations
  1950 | D:2      | Reached skill level 1 in Fire Magic
  1950 | D:2      | Reached skill level 1 in Ice Magic
  1950 | D:2      | Reached skill level 1 in Air Magic
  1950 | D:2      | Reached skill level 1 in Earth Magic
  1950 | D:2      | Reached skill level 1 in Poison Magic
  2724 | D:3      | Reached XP level 5. HP: 40/40 MP: 14/14
  2966 | D:3      | Found a bloodstained altar of Trog.
  3625 | D:4      | Found a staircase to the Ecumenical Temple.
  3645 | D:4      | Found a snail-covered altar of Cheibriados.
  3688 | Temple   | Entered the Ecumenical Temple
  3895 | Temple   | Became a worshipper of Hepliaklqana the Forgotten
  4654 | D:4      | Reached XP level 6. HP: 47/47 MP: 16/16
  4758 | D:4      | Noticed Duvessa
  5045 | D:4      | Found a blossoming altar of Fedhas.
  5115 | D:4      | Reached skill level 5 in Maces & Flails
  5134 | D:4      | Noticed Dowan
  5168 | D:4      | Killed Dowan
  5287 | D:5      | Entered Level 5 of the Dungeon
  5788 | D:5      | Reached * piety under Hepliaklqana
  6009 | D:5      | Reached XP level 7. HP: 44/46 MP: 18/18
  6403 | D:5      | Reached skill level 9 in Armour
  6712 | D:5      | Slain by an orc warrior

Illustrated notes

Levels and vault maps discovered:
D:1:      tarquinn_simple_flora_water_a, layout_basic,
          chequers_ecumenical_altar_simple_redux, st_stairs_3
D:2:      layout_basic, chequers_serial_rivers_room_a, uniq_jessica
D:3:      layout_loops_ring, amcnicky_altar_gilded, hangedman_decor_peaks_small,
          serial_bayou_ford_a, kennysheep_generic_room_8
D:4:      layout_loops_cross, overflow_temple_1_default, cheibriados_altar_1,
          temple_pool_b, hangedman_decor_clover_reticule, uniq_duvessa
D:5:      layout_loops_ring, lemuel_blue_sif_altar
Temple:   nicolae_temple_superstar

Skill      XL: |  1  2  3  4  5  6  7 |
---------------+----------------------+-----
Invocations    | 1 2 3 |  3.0
Short Blades   | 1 2 |  2.7
Long Blades    | 1 2 |  2.7
Axes           | 1 2 |  2.7
Polearms       | 1 2 |  2.7
Staves         | 1 2 |  2.7
Ranged Weapons | 1 2 |  2.7
Throwing       | 1 2 |  2.7
Dodging        | 1 2 |  2.7
Stealth        | 1 2 |  2.7
Shields        | 1 2 |  2.7
Unarmed Combat | 1 2 |  2.7
Evocations     | 1 2 |  2.7
Conjurations   | 1 2 |  2.2
Hexes          | 1 2 |  2.2
Summonings     | 1 2 |  2.2
Necromancy     | 1 2 |  2.2
Translocations | 1 2 |  2.2
Transmutations | 1 2 |  2.2
Fire Magic     | 1 2 |  2.2
Ice Magic      | 1 2 |  2.2
Air Magic      | 1 2 |  2.2
Earth Magic    | 1 2 |  2.2
Poison Magic   | 1 2 |  2.2
Fighting       | 3 |  3.8
Maces & Flails | 5 |  5.3
Armour         | 9 |  9.0
Spellcasting   | |  7.7

Action                   |  1- 3 |  4- 6 |  7- 9 || total
-------------------------+-------+-------+-------++-------
Melee: Mace              |   100 |   211 |    37 ||   348
       Bite              |     6 |    16 |     3 ||    25
       Punch             |       |     5 |     2 ||     7
 Cast: Slow              |     2 |    22 |     2 ||    26
  Use: Scroll            |     1 |     9 |       ||    10
       Potion            |       |     1 |       ||     1
Armor: Ring mail         |    55 |    98 |    18 ||   171
Dodge: Dodged            |    48 |   163 |    24 ||   235

Table legend: (Time is in decaauts)
 A = Elapsed time spent in this place.
 B = Non-inter-level travel time spent in this place.
 C = Inter-level travel time spent in this place.
 D = Time resting spent in this place.
 E = Time spent auto-exploring this place.
 F = Levels seen in this place.
 G = Mean time per level.
                   A        B        C        D        E       F      G
               +--------+--------+--------+--------+--------+-----+--------+
         Total |   6799 |   6525 |    274 |   2417 |   2266 |   6 | 1133.2 |
       Dungeon |   6560 |   6316 |    244 |   2417 |   2166 |   5 | 1312.0 |
        Temple |    238 |    208 |     30 |      0 |    100 |   1 |  238.0 |
               +--------+--------+--------+--------+--------+-----+--------+

Top non-repeatable levels by time:
     D:1: 1463 daAuts
     D:4: 1397 daAuts
     D:3: 1397 daAuts
     D:5: 1179 daAuts
     D:2: 1123 daAuts
  Temple: 238 daAuts
